TOP OF THE 1ST |
Nantucket Orcas batting - Pitching for Montgomery Grey Sox : RHP Guillermo Duarte
|
Pitching: RHP Guillermo Duarte
|
|
Batting: RHB Charlie Pérez
|
0-0: Foul Ball, location: 2F 0-1: Foul Ball, location: 2F 0-2: Ball 1-2: Strikes out swinging
|
Batting: RHB Fernando Álvarez
|
0-0: Ball 1-0: Called Strike 1-1: Foul Ball, location: 2F 1-2: Ball 2-2: Ball 3-2: SINGLE (Line Drive, 3D)
|
Batting: LHB Eugene Lee
|
0-0: Ball 1-0: 2-RUN HOME RUN (Flyball, 9D), Distance : 365 ft
|
Batting: RHB Mike Willis
|
0-0: Ball 1-0: Called Strike 1-1: Ball 2-1: Foul Ball, location: 2F 2-2: Ball 3-2: Strikes out swinging
|
Batting: LHB Juan Lima
|
0-0: Ground out 1-3 (Groundball, 13S)
|
Top of the 1st over - 2 run(s), 2 hit(s), 0 error(s), 0 left on base; Nantucket 2 - Montgomery 0 |
BOTTOM OF THE 1ST |
Montgomery Grey Sox batting - Pitching for Nantucket Orcas : RHP Joe Griffin
|
Pitching: RHP Joe Griffin
|
|
Batting: LHB Aaron Thompson
|
0-0: Called Strike 0-1: Ball 1-1: Foul Ball, location: 2F 1-2: Ground out 6-3 (Groundball, 56)
|
Batting: LHB Amlak Saitoti
|
0-0: Bunted foul 0-1: Foul Ball, location: 2F 0-2: Foul Ball, location: 2F 0-2: Ball 1-2: Foul Ball, location: 2F 1-2: SINGLE (Groundball, 4D)
|
Batting: RHB Lorenzo Tamayo
|
0-0: Called Strike Amlak Saitoti steals 2nd base 0-1: Ball Amlak Saitoti steals 3rd base 1-1: Ground out 6-3 (Groundball, 6MD) Amlak Saitoti scores
|
Batting: RHB Fred Moulds
|
0-0: Ball 1-0: Called Strike 1-1: Ground out 6-3 (Groundball, 56)
|
Bottom of the 1st over - 1 run(s), 1 hit(s), 0 error(s), 0 left on base; Nantucket 2 - Montgomery 1 |
TOP OF THE 2ND |
Nantucket Orcas batting - Pitching for Montgomery Grey Sox : RHP Guillermo Duarte
|
Batting: LHB Alfonso Vélez
|
0-0: Ball 1-0: SINGLE (Flyball, 6MD)
|
Batting: RHB Scotty Hicks
|
0-0: Ball 1-0: Foul Ball, location: 2F 1-1: Called Strike 1-2: Strikes out swinging
|
Batting: RHB Curt O'Brian
|
0-0: Foul Ball, location: 2F 0-1: Foul Ball, location: 2F 0-2: Foul Ball, location: 2F 0-2: Strikes out looking
|
Batting: RHB Luis Cruz
|
0-0: Ground out 5-3 (Groundball, 56S)
|
Top of the 2nd over - 0 run(s), 1 hit(s), 0 error(s), 1 left on base; Nantucket 2 - Montgomery 1 |
BOTTOM OF THE 2ND |
Montgomery Grey Sox batting - Pitching for Nantucket Orcas : RHP Joe Griffin
|
Batting: LHB Robinson López
|
0-0: Ball 1-0: Ball 2-0: Swinging Strike 2-1: Ball 3-1: Base on Balls
|
Batting: RHB Bobby Hulsey
|
0-0: Called Strike 0-1: Fly out, F6 (Popup, 56D)
|
Batting: LHB Marcos Féliz
|
0-0: Ball 1-0: Ball 2-0: Foul Ball, location: 2F 2-1: Swinging Strike 2-2: Strikes out swinging
|
Batting: RHB Roy Powell
|
0-0: Swinging Strike 0-1: Foul Ball, location: 2F 0-2: Ball 1-2: Ball 2-2: Ball 3-2: Base on Balls Robinson López to second
|
Batting: RHB Jon Bush
|
0-0: Fly out, F4 (Line Drive, 4M)
|
Bottom of the 2nd over - 0 run(s), 0 hit(s), 0 error(s), 2 left on base; Nantucket 2 - Montgomery 1 |
TOP OF THE 3RD |
Nantucket Orcas batting - Pitching for Montgomery Grey Sox : RHP Guillermo Duarte
|
Batting: RHB Charlie Pérez
|
0-0: Ball 1-0: Called Strike 1-1: Foul Ball, location: 2F 1-2: Ball 2-2: Foul Ball, location: 2F 2-2: Ball 3-2: Foul Ball, location: 2F 3-2: Strikes out swinging
|
Batting: RHB Fernando Álvarez
|
0-0: Bunt for hit - play at first, batter safe!
|
Batting: LHB Eugene Lee
|
0-0: Called Strike Fernando Álvarez steals 2nd base 0-1: Ball 1-1: Ball Fernando Álvarez steals 3rd base 2-1: Ball 3-1: SINGLE (Line Drive, 4M) Fernando Álvarez scores
|
Batting: RHB Mike Willis
|
0-0: Ball 1-0: Called Strike 1-1: Ball 2-1: Swinging Strike 2-2: Strikes out looking
|
Batting: LHB Juan Lima
|
0-0: Ball Throwing error on steal attempt, E2 Eugene Lee to third 1-0: Called Strike 1-1: Called Strike 1-2: Strikes out swinging
|
Top of the 3rd over - 1 run(s), 2 hit(s), 1 error(s), 1 left on base; Nantucket 3 - Montgomery 1 |
BOTTOM OF THE 3RD |
Montgomery Grey Sox batting - Pitching for Nantucket Orcas : RHP Joe Griffin
|
Batting: LHB Aaron Thompson
|
0-0: Called Strike 0-1: Ball 1-1: Ball 2-1: Ground out 6-3 (Groundball, 6M)
|
Batting: LHB Amlak Saitoti
|
0-0: Foul Ball, location: 2F 0-1: Foul Ball, location: 2F 0-2: Ball 1-2: Strikes out swinging
|
Batting: RHB Lorenzo Tamayo
|
0-0: Ball 1-0: Ball 2-0: Ball 3-0: Called Strike 3-1: Base on Balls
|
Pitching: RHP Mario Díaz
|
|
Batting: RHB Fred Moulds
|
0-0: Ball 1-0: Foul Ball, location: 2F 1-1: Foul Ball, location: 2F 1-2: Ball 2-2: Ball 3-2: Foul Ball, location: 2F 3-2: Base on Balls Lorenzo Tamayo to second
|
Batting: LHB Robinson López
|
0-0: Ball 1-0: Called Strike 1-1: Called Strike 1-2: Foul Ball, location: 2F 1-2: Strikes out swinging
|
Bottom of the 3rd over - 0 run(s), 0 hit(s), 0 error(s), 2 left on base; Nantucket 3 - Montgomery 1 |
TOP OF THE 4TH |
Nantucket Orcas batting - Pitching for Montgomery Grey Sox : RHP Guillermo Duarte
|
Batting: LHB Alfonso Vélez
|
0-0: Ball 1-0: Ball 2-0: Ball 3-0: Base on Balls
|
Batting: RHB Scotty Hicks
|
0-0: Called Strike 0-1: Called Strike 0-2: Ball 1-2: Strikes out looking
|
Batting: RHB Curt O'Brian
|
0-0: Foul Ball, location: 2F 0-1: Called Strike 0-2: Ball 1-2: Ball 2-2: Strikes out swinging
|
Batting: RHB Luis Cruz
|
0-0: Ball Alfonso Vélez steals 2nd base 1-0: Called Strike 1-1: Ball 2-1: Ball 3-1: Foul Ball, location: 2F 3-2: Ground out 6-3 (Groundball, 6)
|
Top of the 4th over - 0 run(s), 0 hit(s), 0 error(s), 1 left on base; Nantucket 3 - Montgomery 1 |
BOTTOM OF THE 4TH |
Montgomery Grey Sox batting - Pitching for Nantucket Orcas : RHP Mario Díaz
|
Batting: RHB Bobby Hulsey
|
0-0: Foul Ball, location: 2F 0-1: Foul Ball, location: 2F 0-2: Ball 1-2: Ball 2-2: Foul Ball, location: 2F 2-2: Strikes out swinging, 2-3 out at first.
|
Batting: LHB Marcos Féliz
|
0-0: Ball 1-0: Ball 2-0: Called Strike 2-1: Ball 3-1: Base on Balls
|
Batting: RHB Roy Powell
|
0-0: Called Strike 0-1: Ball 1-1: Grounds into double play, 6-4-3 (Groundball, 6)
|
Bottom of the 4th over - 0 run(s), 0 hit(s), 0 error(s), 0 left on base; Nantucket 3 - Montgomery 1 |
TOP OF THE 5TH |
Nantucket Orcas batting - Pitching for Montgomery Grey Sox : RHP Guillermo Duarte
|
Batting: RHB Charlie Pérez
|
0-0: Swinging Strike 0-1: Called Strike 0-2: Ball 1-2: Strikes out looking
|
Batting: RHB Fernando Álvarez
|
0-0: Foul Ball, location: 2F 0-1: SINGLE (Groundball, 34D)
|
Batting: LHB Eugene Lee
|
0-0: Ball 1-0: DOUBLE (Flyball, 8LXD) Fernando Álvarez to third
|
Batting: RHB Mike Willis
|
0-0: Ground out 5-3 (Groundball, 56S)
|
Batting: LHB Juan Lima
|
0-0: Ball 1-0: Fly out, F9 (Flyball, 9LSF)
|
Top of the 5th over - 0 run(s), 2 hit(s), 0 error(s), 2 left on base; Nantucket 3 - Montgomery 1 |
BOTTOM OF THE 5TH |
Montgomery Grey Sox batting - Pitching for Nantucket Orcas : RHP Mario Díaz
|
Batting: RHB Jon Bush
|
0-0: SINGLE (Groundball, 56S) (infield hit)
|
Batting: LHB Aaron Thompson
|
0-0: Ball 1-0: Swinging Strike 1-1: Foul Ball, location: 2F 1-2: Ball 2-2: Foul Ball, location: 2F 2-2: Ball 3-2: Base on Balls Jon Bush to second
|
Batting: LHB Amlak Saitoti
|
0-0: Swinging Strike 0-1: Foul Ball, location: 2F 0-2: Strikes out swinging
|
Batting: RHB Lorenzo Tamayo
|
0-0: Called Strike 0-1: Ball 1-1: Ball 2-1: Foul Ball, location: 2F 2-2: Foul Ball, location: 2F 2-2: Grounds into double play, 6-4-3 (Groundball, 6)
|
Bottom of the 5th over - 0 run(s), 1 hit(s), 0 error(s), 1 left on base; Nantucket 3 - Montgomery 1 |
TOP OF THE 6TH |
Nantucket Orcas batting - Pitching for Montgomery Grey Sox : RHP Guillermo Duarte
|
Pitching: LHP Mike Waller
|
|
Batting: LHB Alfonso Vélez
|
0-0: Called Strike 0-1: Ball 1-1: Ball 2-1: Ball 3-1: Foul Ball, location: 2F 3-2: Base on Balls
|
Batting: RHB Scotty Hicks
|
0-0: Ball 1-0: Called Strike 1-1: Ball 2-1: Called Strike 2-2: Foul Ball, location: 2F 2-2: Foul Ball, location: 2F 2-2: Ball 3-2: Fielders Choice at 2nd, 5-4 (Groundball, 5)
|
Batting: RHB Curt O'Brian
|
0-0: Fly out, F9 (Line Drive, 9)
|
Batting: RHB Luis Cruz
|
0-0: Called Strike 0-1: Ball 1-1: Ball 2-1: Ball 3-1: Called Strike 3-2: Strikes out swinging
|
Top of the 6th over - 0 run(s), 0 hit(s), 0 error(s), 1 left on base; Nantucket 3 - Montgomery 1 |
BOTTOM OF THE 6TH |
Montgomery Grey Sox batting - Pitching for Nantucket Orcas : RHP Mario Díaz
|
Batting: RHB Fred Moulds
|
0-0: Foul Ball, location: 2F 0-1: Swinging Strike 0-2: Fly out, F4 (Popup, 34D)
|
Batting: LHB Robinson López
|
0-0: Ball 1-0: Ball 2-0: Swinging Strike 2-1: Called Strike 2-2: SINGLE (Groundball, 4D)
|
Batting: RHB Bobby Hulsey
|
0-0: Ball 1-0: Ball 2-0: Called Strike 2-1: Swinging Strike 2-2: Strikes out swinging
|
Batting: LHB Marcos Féliz
|
0-0: Called Strike 0-1: Called Strike 0-2: Ball 1-2: Ground out 6-3 (Groundball, 56D)
|
Bottom of the 6th over - 0 run(s), 1 hit(s), 0 error(s), 1 left on base; Nantucket 3 - Montgomery 1 |
TOP OF THE 7TH |
Nantucket Orcas batting - Pitching for Montgomery Grey Sox : LHP Mike Waller
|
Batting: RHB Charlie Pérez
|
0-0: Called Strike 0-1: Called Strike 0-2: Foul Ball, location: 2F 0-2: Ball 1-2: Foul Ball, location: 2F 1-2: Foul Ball, location: 2F 1-2: Ball 2-2: Foul Ball, location: 2F 2-2: Ball 3-2: Strikes out swinging
|
Batting: RHB Fernando Álvarez
|
0-0: Swinging Strike 0-1: Ball 1-1: Ball 2-1: Ball 3-1: Called Strike 3-2: Base on Balls
|
Batting: LHB Eugene Lee
|
0-0: Ball 1-0: Foul Ball, location: 2F 1-1: Foul Ball, location: 2F 1-2: Ball 2-2: Foul Ball, location: 2F 2-2: Foul Ball, location: 2F 2-2: Fielders Choice at 2nd, 4-6 (Groundball, 4M)
|
Batting: RHB Mike Willis
|
0-0: Ball 1-0: Ball 2-0: Ball 3-0: Called Strike 3-1: Foul Ball, location: 2F 3-2: Fly out, F9 (Flyball, 9S)
|
Top of the 7th over - 0 run(s), 0 hit(s), 0 error(s), 1 left on base; Nantucket 3 - Montgomery 1 |
BOTTOM OF THE 7TH |
Montgomery Grey Sox batting - Pitching for Nantucket Orcas : RHP Mario Díaz
|
Pitching: RHP David Howard
|
|
Batting: RHB Roy Powell
|
0-0: Ground out 5-3 (Groundball, 25)
|
Batting: RHB Jon Bush
|
0-0: Called Strike 0-1: Ground out 5-3 (Groundball, 56)
|
Batting: LHB Aaron Thompson
|
0-0: Foul Ball, location: 2F 0-1: Fly out, F7 (Flyball, 78S)
|
Bottom of the 7th over - 0 run(s), 0 hit(s), 0 error(s), 0 left on base; Nantucket 3 - Montgomery 1 |
TOP OF THE 8TH |
Nantucket Orcas batting - Pitching for Montgomery Grey Sox : LHP Mike Waller
|
Pitching: RHP Carlos Rocha
|
|
Batting: LHB Juan Lima
|
0-0: Called Strike 0-1: Swinging Strike 0-2: Foul Ball, location: 2F 0-2: Ball 1-2: Ground out 4-3 (Groundball, 4)
|
Batting: LHB Alfonso Vélez
|
0-0: Called Strike 0-1: Reached on error, E4 (Groundball, 4)
|
Batting: RHB Scotty Hicks
|
0-0: Called Strike 0-1: Ball 1-1: Ball 2-1: Called Strike 2-2: Strikes out swinging
|
Batting: RHB Curt O'Brian
|
0-0: Ball 1-0: Called Strike 1-1: Fielders Choice at 2nd, 5-4 (Groundball, 56)
|
Top of the 8th over - 0 run(s), 0 hit(s), 1 error(s), 0 left on base; Nantucket 3 - Montgomery 1 |
BOTTOM OF THE 8TH |
Montgomery Grey Sox batting - Pitching for Nantucket Orcas : RHP David Howard
|
Batting: LHB Amlak Saitoti
|
0-0: Foul Ball, location: 2F 0-1: Called Strike 0-2: Ball 1-2: Ground out 4-3 (Groundball, 4)
|
Batting: RHB Lorenzo Tamayo
|
0-0: Foul Ball, location: 2F 0-1: Foul Ball, location: 2F 0-2: Foul Ball, location: 2F 0-2: Ball 1-2: Strikes out swinging
|
Batting: RHB Fred Moulds
|
0-0: Called Strike 0-1: Ball 1-1: Ball 2-1: Foul Ball, location: 2F 2-2: Ball 3-2: Base on Balls
|
Pitching: LHP José Rodríguez
|
|
Batting: LHB Robinson López
|
0-0: Called Strike 0-1: Swinging Strike 0-2: Foul Ball, location: 2F 0-2: Foul Ball, location: 2F 0-2: Foul Ball, location: 2F 0-2: Ball 1-2: Foul Ball, location: 2F 1-2: Ball 2-2: Fly out, F2 (Popup, 34S)
|
Bottom of the 8th over - 0 run(s), 0 hit(s), 0 error(s), 1 left on base; Nantucket 3 - Montgomery 1 |
TOP OF THE 9TH |
Nantucket Orcas batting - Pitching for Montgomery Grey Sox : RHP Carlos Rocha
|
Batting: RHB Luis Cruz
|
0-0: Ball 1-0: DOUBLE (Line Drive, 8LD)
|
Batting: RHB Charlie Pérez
|
0-0: Intentional Walk
|
Pinch Hitting: RHB Juan Gómez
|
0-0: Sac Bunt - play at first, batter OUT! 1-3 Luis Cruz to third Charlie Pérez to second
|
Batting: LHB Eugene Lee
|
0-0: Intentional Walk
|
Pinch Hitting: RHB Cris Lugo
|
0-0: Foul Ball, location: 2F 0-1: Ball 1-1: Ball 2-1: Grounds into fielders choice 5-2 (Groundball, 56S) Charlie Pérez to third Eugene Lee to second
|
Batting: LHB Juan Lima
|
0-0: Swinging Strike Passed Ball! Charlie Pérez scores Eugene Lee to third Cris Lugo to second 0-1: SINGLE (Flyball, 78S) Eugene Lee scores Cris Lugo to third Runner from 3rd tries for Home, SAFE, no throw
|
Pitching: RHP Vicente Vásquez
|
|
Batting: LHB Alfonso Vélez
|
0-0: Ball 1-0: Called Strike 1-1: Called Strike 1-2: Strikes out swinging, 2-3 out at first.
|
Top of the 9th over - 3 run(s), 2 hit(s), 0 error(s), 1 left on base; Nantucket 6 - Montgomery 1 |
BOTTOM OF THE 9TH |
Montgomery Grey Sox batting - Pitching for Nantucket Orcas : LHP José Rodríguez
|
Now at C: Matt Dundee
|
|
Now at SS: Felipe Gallardo
|
|
Batting: RHB Bobby Hulsey
|
0-0: Called Strike 0-1: Ball 1-1: Ball 2-1: Ball 3-1: Swinging Strike 3-2: Strikes out swinging
|
Pitching: RHP Juan Moreno
|
|
Batting: LHB Marcos Féliz
|
0-0: Called Strike 0-1: Swinging Strike 0-2: Ball 1-2: Ball 2-2: Ball 3-2: Ground out U3 (Groundball, 34)
|
Batting: RHB Roy Powell
|
0-0: Swinging Strike 0-1: Ball 1-1: Foul Ball, location: 2F 1-2: Ball 2-2: Ball 3-2: Strikes out looking
|
Bottom of the 9th over - 0 run(s), 0 hit(s), 0 error(s), 0 left on base; Nantucket 6 - Montgomery 1 |
|